 Dungeon Crawl Stone Soup version 0.21-a0-522-ga8338f0 (webtiles) character file.

373618 tsouns the Warrior (level 21, -18/184 HPs)
             Began as a Demonspawn Assassin on Dec 6, 2017.
             Was the Champion of Ru.
             Demolished by a fire giant
             ... wielding a +1 great sword of flaming
              (26 damage)
             ... on level 2 of the Depths.
             The game lasted 02:44:06 (38713 turns).

tsouns the Warrior (Demonspawn Assassin)           Turns: 38713, Time: 02:44:07

Health: -18/184    AC: 19    Str: 19    XL:     21   Next: 74%
Magic:  39/39      EV: 21    Int: 13    God:    Ru [******]
Gold:   1248       SH:  7    Dex: 15    Spells: 26/32 levels left

rFire    . . .     SeeInvis .   F - +5 demon trident (vamp)
rCold    . . .     Gourm    .   C - +2 buckler
rNeg     . . .     Faith    .   L - +4 troll leather armour
rPois    +         Spirit   .   n - +2 hat {MR+}
rElec    +         Reflect  .   b - +2 cloak {+Inv}
rCorr    +         Harm     .   q - +1 pair of gloves
MR       ++...                  (boots unavailable)
Stlth    +++++++...             Q - amulet of regeneration
HPRegen  2.20/turn              V - ring "Hugrus" {rCorr rElec Slay+3}
MPRegen  0.26/turn              t - ring "Zely" {rElec MP+9 EV-2 Slay+3 Stlth+} (curse)

@: berserk cooldown, slowed, very slow
A: talons 3, slimy green scales 3, dopey 1, powered by death 3, spiny 2, hated
by all, inability to train armour, no earth magic, no hexes magic, no summoning
magic, inexperienced 1
}: 2/15 runes: serpentine, barnacled
a: Draw Out Power, Power Leap, Apocalypse, Renounce Religion, Evoke Invisibility


You were on level 2 of the Depths.
You worshipped Ru.
Ru was exalted by your worship.
You were not hungry.

You visited 7 branches of the dungeon, and saw 37 of its levels.
You visited 1 bazaar.

You collected 4302 gold pieces.
You spent 3054 gold pieces at shops.

Inventory:

Hand Weapons
 F - a +5 vampiric demon trident (weapon)
 T - a +3 bardiche of chopping
Missiles
 y - 15 throwing nets (quivered)
Armour
 b - a +2 cloak of invisibility (worn)
 n - a +2 hat of magic resistance (worn)
 q - a +1 pair of gloves (worn)
 C - a +2 buckler (worn)
 L - a +4 troll leather armour (worn)
Jewellery
 t - the cursed ring "Zely" (right hand) {rElec MP+9 EV-2 Slay+3 Stlth+}
   (You found it on level 15 of the Dungeon)

   [ring of evasion]

   It affects your evasion (-2).
   It affects your accuracy and damage with ranged weapons and melee attacks
   (+3).
   It insulates you from electricity.
   It affects your magic capacity (+9).
   It makes you more stealthy.
   It has a curse placed upon it.
 u - an uncursed ring of protection from magic
 Q - an amulet of regeneration (around neck)
 V - the ring "Hugrus" (left hand) {rCorr rElec Slay+3}
   (You found it on level 4 of the Shoals)

   [ring of resist corrosion]

   It affects your accuracy and damage with ranged weapons and melee attacks
   (+3).
   It insulates you from electricity.
Wands
 v - a wand of scattershot (5)
 B - a wand of acid (15)
 D - a wand of iceblast (11)
 M - a wand of digging (44)
 R - a wand of paralysis (45)
 U - a wand of polymorph (39)
 Z - a wand of disintegration (57)
Scrolls
 d - 6 scrolls of blinking
 l - 24 scrolls of remove curse
 r - 4 scrolls of magic mapping
 x - 19 scrolls of teleportation
 A - a scroll of brand weapon
 G - a scroll of fear
 J - 12 scrolls of immolation
 N - a scroll of torment
 P - 2 scrolls of fog
 S - 16 scrolls of identify
Potions
 a - 2 potions of mutation
 c - 6 potions of brilliance
 h - 16 potions of curing
 i - 3 potions of agility
 j - 5 potions of resistance
 k - 12 potions of flight
 m - 14 potions of heal wounds
 p - 7 potions of lignification
 w - a potion of haste
 z - a potion of invisibility
 E - 3 potions of cancellation
 I - a potion of might
 K - 7 potions of magic
Miscellaneous
 f - a phial of floods (inert)
 o - a lightning rod (4/4)
 H - a lamp of fire (inert)
Comestibles
 g - 18 bread rations
 s - 16 meat rations


   Skills:
 + Level 20.7 Fighting
   Level 2.5 Short Blades
 - Level 17.7 Polearms
 - Level 1.7 Throwing
 + Level 16.0 Dodging
 + Level 15.5 Stealth
 - Level 4.0 Shields
 - Level 6.2 Spellcasting
 + Level 13.1 Evocations


You had 26 spell levels left.
You knew the following spells:

 Your Spells              Type           Power        Failure   Level  Hunger
a - Blink                 Tloc           N/A          30%         2    #......
b - Apportation           Tloc           #.....       21%         1    None
c - Lesser Beckoning      Tloc           #.........   52%         3    ###....


Dungeon Overview and Level Annotations

Branches:
Dungeon (15/15)            Temple (0/1) D:7            Lair (6/6) D:10
 Shoals (4/4) Lair:3        Snake (4/4) Lair:3        Slime (0/5) Lair:6
    Orc (2/2) D:9             Elf (0/3) Orc:2        Vaults (4/5) D:14
  Crypt (0/3) Vaults:2     Depths (2/5) D:15

Altars:
Fedhas
Gozag
Kikubaaqudgha
Makhleb
Okawaru
Qazlal
Ru
Uskayaw
Vehumet
Wu Jian
Beogh
Jiyva

Shops:
D:5 [   D:7 [   D:8 :   D:15 (   Orc:2 !(}   Shoals:2 %   Shoals:3 }
Vaults:3 }

Portals:
Hell: Depths:1

Annotations:
D:11 1 runed door


Innate Abilities, Weirdness & Mutations

You have claws for feet.
You are completely covered in slimy green scales. (AC +4, rPois)
You are dopey. (Int -2)
You regenerate a lot of health from kills.
You are mostly covered in sharp spines.
You are hated by all.
You cannot train Armour skill.
You cannot study or cast Earth magic.
You cannot study or cast Hexes magic.
You cannot study or cast Summoning magic.
You are somewhat inexperienced. (-2 XL)


Message History

The fire giant is heavily wounded.
You puncture the fire giant!
You feel better.
You claw the fire giant!
The fire giant is severely wounded.
You redirect the fire giant's attack!
The fire giant points at itself and mumbles some strange words.
The fireball explodes!
The fireball engulfs the fire giant.
The fire giant resists.
The fireball engulfs you!
* * * LOW HITPOINT WARNING * * *
You hear a shout!
You barely miss the fire giant.
The fire giant is severely wounded.
The fire giant gestures at you while chanting.
The fireball explodes!
The fireball engulfs you!
* * * LOW HITPOINT WARNING * * *
The fireball engulfs the fire giant.
The fire giant resists.
Unknown command.
You puncture the fire giant!
You feel better.
You claw the fire giant.
The fire giant is almost dead.
The fire giant hits you with a great sword of flaming!!
You die...

......<......##
..............#
.............##
..............##
...............#
....#.....#...## ##
.(............# ##.#
..............###..#
...........###@.##
.##.....(#.##C.###
#.....))(......#
#....()....)))##
......(.......).#
............######
#...........
#.......##.# .....##
###


You could see a fire giant.

Vanquished Creatures
  Mennas (Vaults:3)
  Vashnia (Snake:2)
  Saint Roka (Orc:2)
  Jorgrun (Shoals:2)
  A lich (Depths:2)
  Rupert (Lair:5)
  Asterion (Vaults:1)
  Gastronok (D:10)
  A shadow dragon (Shoals:4)
  2 tengu reavers
  Ilsuiw (Shoals:3)
  Donald (Vaults:4)
  3 fire giants
  6 nagarajas
  2 orc warlords
  The ghost of Ratty the Merry Centaur, a journeyman CeBe of Trog (Shoals:2)
  Aizul (Snake:3)
  4 frost giants
  8 ironheart preservers
  14 vault wardens
  17 stone giants
  2 entropy weavers (Vaults:3)
  5 very ugly things
  Nessos (Lair:5)
  3 ettins
  2 deep elf death magi (Vaults:4)
  6 merfolk javelineers
  5 yaktaur captains
  9 merfolk impalers
  A crystal guardian (Vaults:4)
  2 fire dragons
  2 jiangshi (Depths:1)
  A small abomination (Vaults:4)
  5 great orbs of eyes
  13 ogre magi
  4 rakshasas
  Harold (D:10)
  21 naga warriors
  4 hydras
  9 vault guards
  8 ice dragons
  A catoblepas (Shoals:4)
  The ghost of Typee the Thaumaturge, a journeyman DEFE of Sif Muna (Lair:3)
  4 alligator snapping turtles
  3 merfolk avatars
  2 death knights
  9 anacondas
  41 two-headed ogres
  2 tengu warriors (Depths:1)
  20 centaur warriors
  3 merfolk aquamancers (Shoals:4)
  An alligator (Shoals:3)
  A vampire mage (Depths:1)
  2 satyrs (Shoals:4)
  3 death yaks (Shoals:4)
  2 deep troll earth magi (Depths:2)
  2 deep troll shamans
  2 orc high priests (Orc:1)
  9 shock serpents
  Urug (D:12)
  17 naga sharpshooters
  2 deep elf knights
  A storm dragon zombie (Vaults:2)
  A shadow wraith (Vaults:4)
  3 iron trolls
  3 skeletal warriors
  Sonja (D:10)
  3 salamander mystics
  3 hell knights (Depths:2)
  5 deep trolls
  A glowing orange brain (Depths:1)
  An unseen horror (D:14)
  11 sea snakes
  4 wizards
  2 deep elf archers (Vaults:3)
  10 orc knights
  8 naga ritualists
  3 flayed ghosts
  A swamp dragon (Lair:6)
  23 harpies
  A wolf spider zombie (D:15)
  17 mana vipers
  3 necromancers
  15 ironbrand convokers
  12 orc sorcerers
  52 ugly things
  5 phantasmal warriors
  4 wolf spiders
  14 salamanders
  11 deep elf magi
  A shining eye (shapeshifter) (Vaults:3)
  A salamander (shapeshifter) (Vaults:1)
  An oklob plant (Snake:2)
  7 fauns
  3 centaur zombies
  12 elephants
  12 manticores
  10 cyclopes
  4 guardian serpents
  8 water nymphs
  11 merfolk sirens
  14 vault sentinels
  32 naga magi
  Joseph (D:7)
  32 black mambas
  5 gargoyles
  A human skeleton (Vaults:2)
  4 spectral swamp worms (Depths:2)
  A spiny frog (shapeshifter) (Vaults:3)
  16 spiny frogs
  A kobold demonologist (D:14)
  6 rime drakes
  An efreet (D:13)
  32 yaktaurs
  5 freezing wraiths
  8 komodo dragons
  A redback zombie (D:12)
  9 trolls
  2 tengu conjurers (Depths:1)
  26 merfolk
  12 polar bears
  A wind drake (shapeshifter) (Vaults:4)
  A hornet (Vaults:3)
  5 wind drakes
  2 slime creatures (shapeshifter) (Vaults:1)
  14 snapping turtles
  5 raiju (Lair:6)
  A blink frog (shapeshifter) (Vaults:3)
  A meliai zombie (D:14)
  23 slime creatures
  4 dream sheep (Shoals:2)
  22 blink frogs
  13 hippogriffs
  A fire giant simulacrum (Vaults:2)
  A tarantella (shapeshifter) (Depths:2)
  A centaur simulacrum (D:15)
  15 water elementals
  6 wraiths
  A redback (Vaults:3)
  A vampire (D:10)
  74 yaks
  4 wyverns
  A golden eye (shapeshifter) (Vaults:3)
  16 humans (D:14)
  7 basilisks
  3 hungry ghosts
  4 steam dragons
  2 vampire mosquitoes (D:13)
  45 nagas
  8 wargs
  A soldier ant (D:11)
  3 acid dragons
  12 hell hounds (Lair:6)
  14 water moccasins
  9 porcupines
  8 ice beasts
  A hornet zombie (D:12)
  12 black bears
  43 orc warriors
  2 swamp drakes (Lair:6)
  6 sky beasts
  2 phantoms
  An eye of draining (D:9)
  7 boggarts
  A necrophage (D:9)
  45 centaurs
  27 wolves
  24 ogres
  9 crocodiles
  4 big kobolds
  21 bullfrogs
  3 wyvern zombies
  2 gnoll sergeants
  5 scorpions
  11 killer bees
  A human simulacrum (Vaults:1)
  2 spriggan skeletons (D:14)
  A troll skeleton (D:14)
  3 wights (D:12)
  9 howler monkeys
  7 electric eels
  3 crimson imps
  A quasit (D:10)
  10 centaur skeletons
  4 bullfrog zombies
  6 jellies
  15 orc priests
  Crazy Yiuf (D:7)
  10 hounds
  31 orc wizards
  5 bullfrog skeletons
  6 iguanas
  8 worker ants
  2 hound zombies (D:9)
  11 gnolls
  3 river rats
  2 worker ant zombies
  14 adders
  6 shadow imps
  2 white imps
  A worker ant simulacrum (D:8)
  7 oozes
  An adder zombie (D:7)
  3 adder skeletons
  2 worms
  4 dart slugs
  7 leopard geckos
  89 orcs
  7 bats
  5 giant cockroaches
  4 goblins
  8 hobgoblins
  18 jackals
  6 quokkas
  4 ball pythons
  3 frilled lizards
  A jackal zombie (D:6)
  20 kobolds
  A leopard gecko zombie (D:7)
  A quokka skeleton (D:7)
  8 rats
  3 plants (Lair:6)
1719 creatures vanquished.

Vanquished Creatures (collateral kills)
  An orc warlord (D:14)
1 creature vanquished.

Vanquished Creatures (others)
  Polyphemus (Shoals:4)
  A nagaraja (Snake:4)
  2 vault wardens
  2 entropy weavers (Vaults:1)
  A rakshasa (Vaults:2)
  A shock serpent (Snake:3)
  A naga sharpshooter (Snake:4)
  A deep troll (Vaults:4)
  A sea snake (Shoals:4)
  A harpy (Shoals:2)
  2 mana vipers
  A manticore (Shoals:3)
  2 elephants
  A black mamba (Snake:1)
  5 yaktaurs
  A merfolk (Shoals:1)
  A wind drake (Shoals:1)
  A blink frog (Lair:4)
  A sphinx simulacrum (Vaults:2)
  A slime creature (Depths:1)
  A basilisk (Lair:3)
  A warg (Orc:2)
  An acid dragon (Vaults:2)
  An orc warrior (D:11)
  2 ogres
  2 wolves (Lair:6)
  A crocodile (Lair:6)
  A centaur (Vaults:2)
  A bullfrog (D:10)
  A centaur skeleton (D:14)
  An orc (D:8)
  7 fungi
  15 plants
63 creatures vanquished.

Grand Total: 1783 creatures vanquished

Notes
Turn   | Place    | Note
-------+----------+-------------------------------------------
     0 | D:1      | tsouns the Demonspawn Assassin began the quest for the Orb.
     0 | D:1      | Reached XP level 1. HP: 16/16 MP: 1/1
   346 | D:1      | Gained mutation: You have sharp toenails. [demonic ancestry]
   346 | D:1      | Reached XP level 2. HP: 19/23 MP: 2/2
  1086 | D:2      | Gained mutation: You are partially covered in slimy green scales. (AC +2) [demonic ancestry]
  1086 | D:2      | Reached XP level 3. HP: 28/28 MP: 3/3
  1109 | D:2      | Reached skill level 3 in Fighting
  1857 | D:2      | Reached XP level 4. HP: 32/37 MP: 4/4
  1937 | D:3      | Found a faded altar of an unknown god.
  1940 | D:3      | Became a worshipper of Ru the Awakened
  1957 | D:3      | Reached skill level 4 in Fighting
  1961 | D:3      | Gained mutation: You cannot study or cast Earth magic. [Ru sacrifice]
  1961 | D:3      | Gained mutation: You cannot study or cast Hexes magic. [Ru sacrifice]
  1961 | D:3      | Gained mutation: You cannot study or cast Summoning magic. [Ru sacrifice]
  1961 | D:3      | Reached * piety under Ru
  2611 | D:4      | Reached skill level 5 in Fighting
  2611 | D:4      | Reached XP level 5. HP: 26/44 MP: 5/5
  3161 | D:4      | Found an iron altar of Okawaru.
  3184 | D:4      | Found an iron altar of Okawaru.
  3186 | D:4      | Found an ornate altar of the Wu Jian Council.
  3190 | D:4      | Reached skill level 6 in Fighting
  3190 | D:4      | Reached XP level 6. HP: 52/52 MP: 6/6
  3569 | D:5      | Entered Level 5 of the Dungeon
  3612 | D:5      | Reached skill level 7 in Fighting
  3735 | D:5      | Gained mutation: You are partially covered in sharp spines. [demonic ancestry]
  3735 | D:5      | Reached XP level 7. HP: 52/60 MP: 7/7
  3772 | D:5      | Found an opulent altar of Gozag.
  4096 | D:5      | Found Qeopneho's Armour Emporium.
  4100 | D:5      | Bought a +0 helmet for 54 gold pieces
  4150 | D:5      | Gained mutation: You are hated by all. [Ru sacrifice]
  4207 | D:5      | Reached skill level 1 in Polearms
  4207 | D:5      | Reached skill level 1 in Shields
  4219 | D:5      | Reached skill level 8 in Fighting
  4496 | D:6      | Gained mutation: You are mostly covered in slimy green scales. (AC +3) [demonic ancestry]
  4496 | D:6      | Reached XP level 8. HP: 67/68 MP: 8/8
  5501 | D:7      | Reached skill level 9 in Fighting
  5682 | D:7      | Found a stormy altar of Qazlal.
  5712 | D:7      | Noticed Joseph
  5721 | D:7      | Killed Joseph
  5721 | D:7      | Reached XP level 9. HP: 68/77 MP: 9/9
  5804 | D:7      | Reached skill level 5 in Polearms
  5857 | D:7      | Found Ymuarr's Armour Boutique.
  5906 | D:7      | Found a staircase to the Ecumenical Temple.
  6116 | D:7      | Reached skill level 10 in Fighting
  6188 | D:7      | Found a runed door.
  6192 | D:7      | Noticed Crazy Yiuf
  6194 | D:7      | Killed Crazy Yiuf
  6642 | D:8      | Noticed a polar bear
  6656 | D:8      | Killed a polar bear
  7006 | D:8      | Gained mutation: You are completely covered in slimy green scales. (AC +4, rPois) [demonic ancestry]
  7006 | D:8      | Reached XP level 10. HP: 79/86 MP: 10/10
  7015 | D:8      | Reached skill level 11 in Fighting
  7702 | D:8      | Found Xeotzafe's Book Shop.
  8198 | D:9      | Found a staircase to the Orcish Mines.
  8265 | D:9      | Reached skill level 1 in Dodging
  8394 | D:9      | Noticed a two-headed ogre
  8403 | D:9      | Killed a two-headed ogre
  8594 | D:9      | Found a burning altar of Makhleb.
  8922 | D:10     | Entered Level 10 of the Dungeon
  8922 | D:10     | Noticed Sonja
  8947 | D:10     | Noticed Harold
  8957 | D:10     | Killed Sonja
  8957 | D:10     | Gained mutation: You regenerate a little health from kills. [demonic ancestry]
  8957 | D:10     | Reached XP level 11. HP: 51/95 MP: 8/11
  9268 | D:10     | Noticed Gastronok
  9369 | D:10     | Reached skill level 5 in Dodging
  9377 | D:10     | Gained mutation: You are dopey. (Int -2) [Ru sacrifice]
  9377 | D:10     | Reached ** piety under Ru
  9408 | D:10     | Killed Harold
  9414 | D:10     | Reached skill level 10 in Polearms
  9680 | D:10     | Found a staircase to the Lair.
  9789 | D:10     | Killed Gastronok
 10243 | Lair:1   | Entered Level 1 of the Lair of Beasts
 10575 | Lair:1   | Gained mutation: You regenerate health from kills. [demonic ancestry]
 10575 | Lair:1   | Reached XP level 12. HP: 99/101 MP: 12/12
 11032 | Lair:2   | Gained mutation: You cannot train Armour skill. [Ru sacrifice]
 11032 | Lair:2   | Reached *** piety under Ru
 11351 | Lair:2   | Reached skill level 12 in Fighting
 11451 | Lair:2   | Reached skill level 1 in Evocations
 11741 | Lair:3   | Noticed Typee's ghost (journeyman DEFE)
 11752 | Lair:3   | Killed Typee's ghost
 11913 | Lair:3   | Got a distressingly furry ring mail
 11924 | Lair:3   | Identified the cursed +1 ring mail of Precision Catastrophes {rCorr Int+4 Dex+3} (You found it on level 3 of the Lair of Beasts)
 11960 | Lair:3   | Found a staircase to the Shoals.
 11981 | Lair:3   | Found a staircase to the Snake Pit.
 12143 | Lair:3   | Gained mutation: You are somewhat inexperienced. (-2 XL) [Ru sacrifice]
 12143 | Lair:3   | Reached XP level 11. HP: 95/95 MP: 14/14
 12143 | Lair:3   | Reached XP level 10. HP: 89/89 MP: 13/13
 12143 | Lair:3   | Reached **** piety under Ru
 12143 | Lair:3   | Reached ***** piety under Ru
 12143 | Lair:3   | Reached ****** piety under Ru
 12689 | Lair:4   | Noticed a spiny frog
 12695 | Lair:4   | Killed a spiny frog
 12730 | Lair:4   | Reached XP level 11. HP: 93/95 MP: 14/14
 12744 | Lair:4   | Reached skill level 5 in Evocations
 13081 | Lair:4   | Got a faintly humming scale mail
 13092 | Lair:4   | Identified the cursed +1 scale mail of Joxoven {Regen+ rCorr Str-2} (You found it on level 4 of the Lair of Beasts)
 13484 | Lair:5   | Noticed Nessos
 13510 | Lair:5   | Noticed Rupert
 13604 | Lair:5   | Reached skill level 5 in Stealth
 13607 | Lair:5   | Reached XP level 12. HP: 103/103 MP: 16/16
 13704 | Lair:5   | Noticed a six-headed hydra
 13712 | Lair:5   | Killed a six-headed hydra
 13746 | Lair:5   | Killed Rupert
 13746 | Lair:5   | Reached skill level 13 in Fighting
 13839 | Lair:5   | Killed Nessos
 14370 | Lair:6   | Entered Level 6 of the Lair of Beasts
 14522 | Lair:6   | Found a staircase to the Slime Pits.
 14522 | Lair:6   | Found a viscous altar of Jiyva.
 14677 | Lair:6   | Noticed an eight-headed hydra
 14691 | Lair:6   | Killed an eight-headed hydra
 14691 | Lair:6   | Gained mutation: You have razor-sharp toenails. [demonic ancestry]
 14691 | Lair:6   | Reached XP level 13. HP: 111/111 MP: 17/17
 15135 | Lair:6   | Reached skill level 14 in Fighting
 15691 | Lair:6   | Noticed a fire dragon
 15710 | Lair:6   | Killed a fire dragon
 16090 | Orc:1    | Entered Level 1 of the Orcish Mines
 16200 | Orc:1    | Found a transporter.
 16246 | Orc:1    | Found the +4 Vampire's Tooth {vamp}
 16247 | Orc:1    | Noticed an orc warlord
 16247 | Orc:1    | Found a roughly hewn altar of Beogh.
 16251 | Orc:1    | Noticed a stone giant
 16266 | Orc:1    | Killed a stone giant
 16281 | Orc:1    | Reached XP level 14. HP: 121/121 MP: 18/18
 16308 | Orc:1    | Killed an orc warlord
 16321 | Orc:1    | Reached skill level 10 in Stealth
 16330 | Orc:1    | Found a transporter.
 16490 | Orc:1    | Reached skill level 15 in Fighting
 16670 | Orc:2    | Entered Level 2 of the Orcish Mines
 16670 | Orc:2    | Noticed an orc warlord
 16715 | Orc:2    | Killed an orc warlord
 16829 | Orc:2    | Found a staircase to the Elven Halls.
 16841 | Orc:2    | Noticed Saint Roka
 17170 | Orc:2    | Killed Saint Roka
 17412 | Orc:2    | Found a radiant altar of Vehumet.
 17517 | Orc:2    | Found an ancient bone altar of Kikubaaqudgha.
 17558 | Orc:2    | Found Gysch's Gadget Boutique.
 17720 | Orc:2    | Found a roughly hewn altar of Beogh.
 17721 | Orc:2    | Found Gautuq's Distillery.
 17737 | Orc:2    | Found Igoac's Antique Weapon Boutique.
 17749 | Orc:2    | Found Deutio Ifex's Distillery.
 17758 | Orc:2    | Bought a potion of invisibility for 104 gold pieces
 17758 | Orc:2    | Bought a potion of agility for 52 gold pieces
 17758 | Orc:2    | Bought a potion of might for 52 gold pieces
 17758 | Orc:2    | Bought a potion of magic for 104 gold pieces
 17758 | Orc:2    | Bought a potion of might for 52 gold pieces
 18207 | D:11     | Found Epainat's Jewellery Shoppe.
 18431 | D:11     | Found a burning altar of Makhleb.
 18431 | D:11     | Found a runed door.
 18511 | D:11     | Reached skill level 16 in Fighting
 18635 | D:11     | Found a runed door.
 18709 | D:11     | Found an ornate altar of the Wu Jian Council.
 18922 | D:12     | Gained mutation: You regenerate a lot of health from kills. [demonic ancestry]
 18922 | D:12     | Reached XP level 15. HP: 131/131 MP: 19/19
 19066 | D:12     | Noticed Urug
 19086 | D:12     | Killed Urug
 19475 | D:12     | Learned a level 2 spell: Blink
 20167 | D:13     | Found a stormy altar of Qazlal.
 20554 | D:14     | Found a gate to the Vaults.
 20565 | D:14     | Reached skill level 1 in Spellcasting
 21085 | D:14     | Got a pair of polished boots
 21096 | D:14     | Identified the cursed +0 pair of boots "Virphink" {rElec rN+ Str-5 Int+6} (You found it on level 14 of the Dungeon)
 21097 | D:14     | Got a blackened ring mail
 21108 | D:14     | Identified the cursed +0 ring mail of the Distant Future {Int+2 Dex+4} (You found it on level 14 of the Dungeon)
 21145 | D:14     | Noticed an orc warlord
 21275 | D:14     | Killed an orc warlord
 21279 | D:14     | Found an iron altar of Okawaru.
 21930 | D:15     | Entered Level 15 of the Dungeon
 22059 | D:15     | Reached skill level 10 in Dodging
 22397 | D:15     | Got a translucent glass ring
 22399 | D:15     | Identified the cursed ring "Zely" {rElec MP+9 EV-2 Slay+3 Stlth+} (You found it on level 15 of the Dungeon)
 22466 | D:15     | Found a hide-covered altar of Uskayaw.
 22495 | D:15     | Found Mequuc's Antique Weapon Shoppe.
 22581 | D:15     | Found a staircase to the Depths.
 22886 | Snake:1  | Entered Level 1 of the Snake Pit
 23219 | Snake:1  | Reached XP level 16. HP: 125/140 MP: 21/21
 23430 | Snake:1  | Reached skill level 17 in Fighting
 24440 | Snake:2  | Noticed Vashnia
 24535 | Snake:2  | Killed Vashnia
 24687 | Snake:2  | Found a blossoming altar of Fedhas.
 25365 | Snake:3  | Reached skill level 15 in Polearms
 25398 | Snake:3  | Noticed Aizul
 25423 | Snake:3  | Killed Aizul
 25591 | Snake:3  | Reached XP level 17. HP: 124/149 MP: 22/22
 25948 | Snake:4  | Entered Level 4 of the Snake Pit
 26180 | Snake:4  | Reached skill level 18 in Fighting
 26904 | Snake:4  | Got a serpentine rune of Zot
 26945 | Snake:4  | Identified the +2 chain mail of Kikubaaqudgha's Esteem {rF+ rC+ Dex+2} (You found it on level 4 of the Snake Pit)
 27473 | Shoals:1 | Entered Level 1 of the Shoals
 28234 | Shoals:1 | Learned a level 1 spell: Apportation
 28238 | Shoals:1 | Learned a level 3 spell: Lesser Beckoning
 28333 | Shoals:2 | Reached XP level 18. HP: 158/158 MP: 24/24
 28397 | Shoals:2 | Noticed Jorgrun
 28415 | Shoals:2 | Killed Jorgrun
 28682 | Shoals:2 | HP: 6/158 [alligator snapping turtle (27)]
 28817 | Shoals:2 | Noticed Ratty's ghost (journeyman CeBe)
 28845 | Shoals:2 | Killed Ratty's ghost
 28895 | Shoals:2 | Found Rise's Food Emporium.
 29305 | Shoals:3 | Identified the +6 scale mail "Muellaw" {rF+ rC- Int+2} (You found it on level 3 of the Shoals)
 29345 | Shoals:3 | Reached skill level 5 in Spellcasting
 29416 | Shoals:3 | Found Juaxug's Gadget Shoppe.
 29426 | Shoals:3 | Bought a wand of flame (23) for 237 gold pieces
 29426 | Shoals:3 | Bought a lamp of fire for 760 gold pieces
 29905 | Shoals:4 | Entered Level 4 of the Shoals
 30379 | Shoals:4 | Noticed Polyphemus
 30426 | Shoals:4 | Killed Polyphemus
 30426 | Shoals:4 | Reached skill level 19 in Fighting
 30764 | Shoals:4 | Noticed Ilsuiw
 30920 | Shoals:3 | Killed Ilsuiw
 31066 | Shoals:4 | Got a barnacled rune of Zot
 31368 | Shoals:4 | Got a coiled platinum ring
 31369 | Shoals:4 | Identified the ring "Hugrus" {rCorr rElec Slay+3} (You found it on level 4 of the Shoals)
 31838 | Vaults:1 | Entered Level 1 of the Vaults
 31855 | Vaults:1 | Gained mutation: You have claws for feet. [demonic ancestry]
 31855 | Vaults:1 | Reached XP level 19. HP: 166/166 MP: 28/28
 32130 | Vaults:1 | Noticed Asterion
 32157 | Vaults:1 | Killed Asterion
 32394 | Vaults:1 | Got a slimy graven amulet
 32395 | Vaults:1 | Identified the amulet of the Coward {RegenMP rElec rPois rC- Dex+4} (You found it on level 1 of the Vaults)
 32537 | Vaults:1 | Reached skill level 10 in Evocations
 33833 | Vaults:2 | Found a flickering gateway to a bazaar.
 33848 | Bazaar   | Entered a bazaar
 33848 | Bazaar   | Found Asoupp's Antique Armour Shop.
 33848 | Bazaar   | Found Mixkydip's Assorted Antiques.
 33862 | Bazaar   | Bought a scroll of teleportation for 87 gold pieces
 33862 | Bazaar   | Bought a potion of curing for 87 gold pieces
 33862 | Bazaar   | Bought an embroidered cloak for 217 gold pieces
 33862 | Bazaar   | Bought a potion of agility for 116 gold pieces
 33880 | Bazaar   | Found Mur Ypsipsi's Food Emporium.
 33889 | Bazaar   | Found Jifax's Assorted Antiques.
 33897 | Bazaar   | Bought a twisted bone wand for 80 gold pieces
 33900 | Bazaar   | Found Mulecwoc's Assorted Antiques.
 33908 | Bazaar   | Bought a scroll of enchant armour for 105 gold pieces
 33908 | Bazaar   | Bought a phial of floods for 560 gold pieces
 33908 | Bazaar   | Bought a potion of haste for 140 gold pieces
 33908 | Bazaar   | Bought a potion of haste for 140 gold pieces
 33908 | Bazaar   | Bought a creamy pearl robe for 79 gold pieces
 33908 | Bazaar   | Bought a scroll of identify for 28 gold pieces
 33908 | Bazaar   | Identified the +2 robe of the Prince {rF+ Str+4 SInv} (You bought it in a shop in a bazaar)
 34036 | Vaults:2 | Found a staircase to the Crypt.
 34065 | Vaults:2 | Reached XP level 20. HP: 144/175 MP: 29/29
 35091 | Vaults:3 | Noticed Mennas
 35128 | Vaults:3 | Killed Mennas
 35199 | Vaults:3 | Reached skill level 15 in Dodging
 35689 | Vaults:3 | Reached skill level 20 in Fighting
 35868 | Vaults:3 | Found Xigenara's Gadget Boutique.
 36564 | Vaults:4 | Gained mutation: You are mostly covered in sharp spines. [demonic ancestry]
 36564 | Vaults:4 | Reached XP level 21. HP: 183/183 MP: 30/30
 37299 | Vaults:4 | Noticed Donald
 37322 | Vaults:4 | Killed Donald
 37542 | Depths:1 | Entered Level 1 of the Depths
 37545 | Depths:1 | Reached skill level 15 in Stealth
 37553 | Depths:1 | Found a gateway to Hell.
 38712 | Depths:2 | HP: 2/184 [fire giant/fireball (28)]
 38713 | Depths:2 | Demolished by a fire giant

Vault maps used:
D:1:      noname_arrival_rooms_in_the_neighbourhood, minmay_ruptured
D:3:      chequers_ecumenical_altar_grove, minmay_misc_feat_rows
D:4:      chequers_temple_overflow_statue_of_worship, first_bread,
          okawaru_trees_2
D:5:      basic_altar, gup_sewer_entry_bowl, serial_shops, kennysheep_mini
D:7:      minmay_temple_entry_statues_pillars, basic_altar, serial_shops, shop,
          uniq_crazy_yiuf_cottage, uniq_joseph
D:8:      serial_ice, serial_ice_b, serial_ice_f, serial_ice_m, serial_ice_j,
          serial_shops, shop_fountains
D:9:      orc_0_dummy, basic_altar
D:10:     erik_lair_island, hangedman_little_slice_of_home, uniq_harold,
          uniq_sonja, uniq_gastronok
D:11:     minmay_the_grid_triangle_9x9_rhombus_full_mashed, basic_altar,
          serial_shops, nicolae_shop_waterfront
D:12:     mrwooster_statue_mirror, minivault_27, nicolae_zen_rock_garden,
          uniq_urug
D:13:     basic_altar
D:14:     evilmike_iron_armoury, david_vaults_3, nrook_uturn,
          hangedman_tell_no_tales
D:15:     grunt_enter_depths_magical_seal, serial_shops, shop,
          minmay_misc_feat_encased, basic_altar
Lair:1:   beast_lair_carwin_large_3, pond
Lair:3:   minmay_shoals_entry_centaurs, guppyfry_snake_entry_island,
          grunt_megastairs_1, serial_bayou_shore_b
Lair:4:   infiniplex_staircase_pool_2
Lair:5:   st_stairs_6, serial_bayou_pond_e, uniq_rupert, uniq_nessos
Lair:6:   guppyfry_lair_end_dragon, hangedman_lair_caniforms_friends,
          slime_altar_1
Shoals:1: nicolae_shoals_drake_roost
Shoals:2: serial_shops, shop, uniq_jorgrun
Shoals:3: serial_shops, shop, nicolae_shoals_siren_and_animal_friends
Shoals:4: shoals_end_grunt_ice, shoals_ilsuiw_alternative,
          hangedman_shoals_cup_caves, uniq_polyphemus
Snake:2:  lemuel_oklob_altar, uniq_vashnia
Snake:3:  serial_bayou_shore_b, uniq_aizul
Snake:4:  snake_pit, nicolae_coiled_stairwell_up
Orc:1:    gammafunk_beogh_shrine
Orc:2:    kennysheep_orc_mage_school, uniq_saint_roka
Vaults:1: grunt_vaults_bifocal, vaults_mumra_hexcomb, vaults_dpeg_diagonal,
          vaults_dpeg_hooks, nicolae_vaults_little_ls,
          vaults_room_grunt_arrival_ludios, vaults_mumra_hex,
          vaults_room_hangedman_quadrants, uniq_asterion
Vaults:2: hangedman_vaults_restitches, ontoclasm_vaults_loading_screen,
          minmay_crypt_entry_simple_box, nicolae_vaults_border_crossing,
          nicolae_vaults_specimen_jars, v_pattern_2, v_misc_14,
          nicolae_vaults_three_branches, hangedman_vaults_restitches,
          nicolae_vaults_little_squares_3, nicolae_vaults_inception_scallops,
          hangedman_vaults_maws, v_misc_22, st_lattice, grunt_vaults_focal,
          serial_shops, bzr_in_the_mist
Vaults:3: hangedman_vaults_slice, ontoclasm_vaults_twist,
          nicolae_vaults_twisting_passages, nicolae_vaults_sealed_display,
          nicolae_vaults_little_squares_6, hangedman_vaults_locks,
          nicolae_vaults_disjoint_gnomons, nicolae_vaults_murderbox,
          v_pattern_5, nicolae_vaults_angled_halls,
          ontoclasm_vaults_loading_screen, ontoclasm_vaults_gateway,
          hangedman_vaults_impose, nicolae_vaults_theta, serial_shops, shop,
          uniq_mennas
Vaults:4: nicolae_vaults_network_s, hangedman_vaults_nails, v_misc_8,
          nicolae_vaults_little_squares_3, hangedman_vaults_cutoff, v_rooms_3,
          ontoclasm_vaults_eye, vaults_room_glass_cross, uniq_donald
Depths:1: hangedman_coc_ice_floe, minmay_crystal_room, grunt_ministairs_1,
          kennysheep_cluttered_room, minmay_fountain_box,
          serial_sigils_hangedman_gut, st_stairs_6, kennysheep_generic_room_16
Depths:2: nicolae_legendary_halls, enter_ziggurat_f, pf_hell_entry_tar_river,
          serial_sigils_hangedman_gut, stair_cage_wide, infiniplex_staircase_x,
          serial_bayou_shore_b
Bazaar:   bazaar_kb_twisted_cavern

Skill      XL: |  1  2  3  4  5  6  7  8  9 10 11 12 13 14 15 16 17 18 19 20 21 |
---------------+----------------------------------------------------------------+-----
Short Blades   | 2 |  2.5
Fighting       | 3 5 6 7 8 9 10 11 13 14 16 17 18 19 20 | 20.7
Polearms       | 2 4 7 9 13 12 14 15 16 17 | 17.7
Shields        | 2 4 |  4.0
Dodging        | 4 7 8 10 12 13 14 15 16 | 16.0
Evocations     | 5 4 7 9 10 12 13 | 13.1
Stealth        | 5 7 9 11 12 13 14 15 | 15.5
Spellcasting   | 3 4 6 |  6.2
Throwing       | |  1.7

Action                   |  1- 3 |  4- 6 |  7- 9 | 10-12 | 13-15 | 16-18 | 19-21 || total
-------------------------+-------+-------+-------+-------+-------+-------+-------++-------
Melee: Dagger            |   124 |    12 |       |       |       |       |       ||   136
       Kick              |    25 |    34 |    22 |       |       |       |   653 ||   734
       Quarterstaff      |       |   108 |       |       |       |       |       ||   108
       Trident           |       |     1 |   266 |  1026 |  1526 |       |       ||  2819
       Demon trident     |       |       |       |       |   386 |  2481 |  2000 ||  4867
 Fire: Blowgun           |     9 |       |       |       |     6 |       |       ||    15
Throw: Tomahawk          |       |     2 |       |       |       |       |       ||     2
       Throwing net      |       |       |       |     1 |       |       |       ||     1
Invok: Sacrifice Arcana  |       |     1 |       |       |       |       |       ||     1
       Sacrifice Love    |       |       |     1 |       |       |       |       ||     1
       Sacrifice Experie |       |       |       |     1 |       |       |       ||     1
       Sacrifice Purity  |       |       |       |     1 |       |       |       ||     1
       Sacrifice Durabil |       |       |       |     1 |       |       |       ||     1
       Apocalypse        |       |       |       |       |       |     1 |     1 ||     2
Evoke: Wand              |       |    10 |     2 |    36 |     7 |     8 |     1 ||    64
       Lamp of fire      |       |       |       |       |       |     1 |     1 ||     2
       Phial of floods   |       |       |       |       |       |       |     1 ||     1
  Use: Scroll            |     2 |     6 |     8 |    10 |    12 |    10 |     9 ||    57
       Potion            |       |       |       |     1 |     5 |     9 |     7 ||    22
 Stab: Sleeping          |     7 |     7 |    19 |    19 |    25 |    35 |    30 ||   142
       Paralysed         |       |       |       |     2 |    11 |    22 |    19 ||    54
       Distracted        |       |       |       |     6 |    12 |    19 |    22 ||    59
       Invisible         |       |       |       |     6 |    14 |    34 |    15 ||    69
       Held in net/web   |       |       |       |     1 |       |       |       ||     1
       Petrified         |       |       |       |       |     5 |     7 |       ||    12
       Confused          |       |       |       |       |       |       |     1 ||     1
  Eat: Chunk             |     3 |     5 |    12 |    12 |     4 |     2 |       ||    38
       Fruit             |       |     1 |       |     6 |     4 |     6 |     1 ||    18
       Royal jelly       |       |       |     3 |     5 |    12 |    15 |     4 ||    39
       Bread ration      |       |       |       |       |     1 |       |     1 ||     2
       Meat ration       |       |       |       |       |       |       |     1 ||     1
Armor: Robe              |    33 |    43 |    35 |    17 |       |       |       ||   128
       Steam dragon scal |       |       |       |   121 |    61 |       |       ||   182
       Ring mail         |       |       |       |     1 |       |       |       ||     1
       Acid dragon scale |       |       |       |       |    50 |       |       ||    50
       Troll leather arm |       |       |       |       |    91 |   335 |   195 ||   621
Dodge: Dodged            |    62 |    79 |    66 |   364 |   447 |   786 |   627 ||  2431
Block: Buckler           |       |       |    54 |   182 |   264 |   395 |   290 ||  1185

Table legend:
 A = Spawn XP
 B = Non-spawn XP
 C = Spawn XP percentage of total XP
 D = Spawn monster count
 E = Non-spawn monster count
 F = Spawn count percentage of total count
 G = Total turns spent on level
                    A         B        C        D         E        F      G
               +---------+---------+-------+---------+---------+-------+---------
         Total |       0 |  699471 |   0.0 |       0 |    1750 |   0.0 | 38713
               +---------+---------+-------+---------+---------+-------+---------
           D:1 |       0 |      40 |   0.0 |       0 |      21 |   0.0 |  1085
           D:2 |       0 |      58 |   0.0 |       0 |      17 |   0.0 |   831
           D:3 |       0 |      89 |   0.0 |       0 |      17 |   0.0 |   625
           D:4 |       0 |     298 |   0.0 |       0 |      17 |   0.0 |  1028
           D:5 |       0 |     713 |   0.0 |       0 |      24 |   0.0 |   854
           D:6 |       0 |     789 |   0.0 |       0 |      33 |   0.0 |   987
           D:7 |       0 |    1901 |   0.0 |       0 |      31 |   0.0 |  1061
           D:8 |       0 |    2994 |   0.0 |       0 |      44 |   0.0 |  1406
           D:9 |       0 |    3797 |   0.0 |       0 |      42 |   0.0 |  1628
          D:10 |       0 |    6730 |   0.0 |       0 |      49 |   0.0 |   884
          D:11 |       0 |   13332 |   0.0 |       0 |      63 |   0.0 |   834
          D:12 |       0 |    5475 |   0.0 |       0 |      29 |   0.0 |   920
          D:13 |       0 |    4623 |   0.0 |       0 |      29 |   0.0 |   811
          D:14 |       0 |   19852 |   0.0 |       0 |      75 |   0.0 |  1479
          D:15 |       0 |   14070 |   0.0 |       0 |      38 |   0.0 |   871
        Lair:1 |       0 |    5732 |   0.0 |       0 |      39 |   0.0 |   814
        Lair:2 |       0 |    4288 |   0.0 |       0 |      14 |   0.0 |   728
        Lair:3 |       0 |    5046 |   0.0 |       0 |      18 |   0.0 |  1043
        Lair:4 |       0 |   10257 |   0.0 |       0 |      46 |   0.0 |   878
        Lair:5 |       0 |   12886 |   0.0 |       0 |      34 |   0.0 |   888
        Lair:6 |       0 |   26000 |   0.0 |       0 |     111 |   0.0 |  1552
      Shoals:1 |       0 |   14767 |   0.0 |       0 |      37 |   0.0 |   828
      Shoals:2 |       0 |   22295 |   0.0 |       0 |      41 |   0.0 |   914
      Shoals:3 |       0 |   15891 |   0.0 |       0 |      28 |   0.0 |  1007
      Shoals:4 |       0 |   48208 |   0.0 |       0 |      73 |   0.0 |  1494
       Snake:1 |       0 |   17004 |   0.0 |       0 |      34 |   0.0 |  1111
       Snake:2 |       0 |   24640 |   0.0 |       0 |      38 |   0.0 |   973
       Snake:3 |       0 |   31145 |   0.0 |       0 |      52 |   0.0 |  1027
       Snake:4 |       0 |   55339 |   0.0 |       0 |      93 |   0.0 |  1460
         Orc:1 |       0 |   12622 |   0.0 |       0 |      49 |   0.0 |   936
         Orc:2 |       0 |   17017 |   0.0 |       0 |      66 |   0.0 |   968
      Vaults:1 |       0 |   55101 |   0.0 |       0 |      96 |   0.0 |  1572
      Vaults:2 |       0 |   63651 |   0.0 |       0 |     107 |   0.0 |  1322
      Vaults:3 |       0 |   58257 |   0.0 |       0 |      71 |   0.0 |  1350
      Vaults:4 |       0 |   63071 |   0.0 |       0 |      73 |   0.0 |  1288
      Depths:1 |       0 |   33483 |   0.0 |       0 |      57 |   0.0 |   835
      Depths:2 |       0 |   28010 |   0.0 |       0 |      44 |   0.0 |   336
               +---------+---------+-------+---------+---------+-------+---------
